 Dungeon Crawl Stone Soup version 0.32-a0-136-gc02482bde3 (webtiles) character file.

Game seed: 17579142854968654244

89 zeratav the Sneak (level 4, -3/29 HPs)
             Began as an Octopode Shapeshifter on Feb 10, 2024.
             Succumbed to Crazy Yiuf's poison
             ... on level 2 of the Dungeon.
             The game lasted 00:02:05 (1559 turns).

zeratav the Sneak (Octopode Shapeshifter)           Turns: 1559, Time: 00:02:05

Health: -3/29      AC:  1    Str: 15    XL:     4   Next: 55%
Magic:  4/4        EV: 13    Int: 12    God:
Gold:   115        SH:  0    Dex: 11    Spells: 3/3 levels left

rFire   . .          .
                       - Unarmed
rCold   . . .        (no shield)
rNeg    . . .        (helmet currently unavailable)
rPois   .            k - amulet of the acrobat
rElec   .            m - ring of wizardry
rCorr   .            (no ring)
SInv    .            (no ring)
Will    .....        (no ring)
Stlth   ++++         (no ring)
HPRegen 0.24/turn    (no ring)
MPRegen 0.09/turn    (no ring)
                     (no ring)

%: acrobat, wizardry (x1)
@: lethally poisoned (-3 -> -35), beast-form
A: beast (slay +1), almost no armour, amphibious, 8 rings, camouflage 1,
gelatinous body 1, (nimble swimmer 1), tentacles
a: Begin Untransformation


You were on level 2 of the Dungeon.
You were a hulking beast.
You visited 1 branch of the dungeon, and saw 2 of its levels.

You collected 115 gold pieces.


Innate Abilities, Weirdness & Mutations

You are a hulking beast.
Your limbs bulge with bestial killing power. (Slay +1)
You cannot wear most types of armour.
You are amphibious.
You can wear up to eight rings at the same time.
Your skin changes colour to match your surroundings (Stealth+).
Your rubbery body absorbs attacks. (AC +1, EV +1)
((You are camouflaged when in or above water. (Stealth+)))
You have tentacles for arms and can constrict up to eight enemies at once.


   Skills:
 + Level 2.2 Fighting
 - Level 2.0 Dodging
 - Level 5.0 Stealth
 - Level 3.0 Unarmed Combat
 - Level 3.0 Shapeshifting


You had 3 spell levels left.
You didn't know any spells.
Your spell library was empty.

Inventory:

Jewellery
 k - an amulet of the acrobat (around mantle)
   (You found it on level 1 of the Dungeon)
 m - a ring of wizardry (left tentacle)
   (You found it on level 2 of the Dungeon)
Talismans
 b - a beast talisman
 c - a flux talisman
Scrolls
 d - a scroll of acquirement {unknown}
 e - 2 scrolls of teleportation {unknown}
 f - 7 scrolls of identify {unknown}
 j - a scroll of revelation {unknown}
 l - a scroll of amnesia {unknown}
Potions
 a - a potion of lignification {!q}
 g - a potion of attraction {unknown}
 h - 3 potions of curing {unknown}
 i - a potion of mutation {unknown}

Dungeon Overview and Level Annotations

Branches:
Dungeon (2/15) Zot: 10444

Altars:
Uskayaw

Shops:
D:1 ?

Annotations:
D:2 Crazy Yiuf

.................................
########.##########..............
########.#.# #######...#####
......#....# #....###
........#.## ##### #.#.##
>.#####....# #..)# ###.# #.##
####.# #...# #.# #..# #.# #.g.#
###.# ##### ##†## #.# #h# #...##
#.|.. #..######## ♣♣.♣
#....###.... ##........# ♣.♣♣
#........... ########## ♣♣.♣
#.....##.... ♣.♣♣ #.....##....
♣♣.♣♣ #....###.... ♣...♣♣
#<...###.... ############ ♣....♣
#........... ...........# #....#
#...........


You could see Crazy Yiuf.


Message History

No target in view!
No target in view!
No target in view!
No target in view!
No target in view!
No target in view!
No target in view!
No target in view!
No target in view!
No target in view!
No target in view!
No target in view!
No target in view!
You feel sick.
You feel sick.
You are no longer poisoned.
You now have enough gold to buy a scroll of blinking on D:1.
You can access your shopping list by pressing '$'.
You now have 105 gold pieces (gained 13).
HP[+4]
Your hp is fully restored (29).
You see here an adder corpse.
You see here an adder corpse.
f - 7 scrolls labelled YHISHY GOFURE (gained 1)
You see here 4 stones {throwing}.
You see here an adder skeleton.
A rat is nearby!
A rat is nearby!
Unknown command.
A rat is nearby!
You barely miss the rat.
The rat squeaks loudly.
Your grab misses the rat. The rat closely misses you.
You closely miss the rat. Your grab misses the rat.
Your squeeze misses the rat. The rat misses you.
You tentacle-slap the rat.
You kill the rat!
No target in view!
No target in view!
No target in view!
No target in view!
No target in view!
No target in view!
No target in view!
No target in view!
No target in view!
You see here a rat corpse.
An adder comes into view.
Unknown command.
An adder is nearby!
The adder hisses angrily.
The adder completely misses you.
You bludgeon the adder! Your grab misses the adder. You squeeze the adder.
You kill the adder!
No target in view!
No target in view!
No target in view!
No target in view!
No target in view!
No target in view!
No target in view!
No target in view!
No target in view!
No target in view!
No target in view!
No target in view!
No target in view!
No target in view!
You now have 115 gold pieces (gained 10).
You see here a +0 club {mace}.
Things that are here:
5 stones {throwing}; a +0 whip {mace}; a kobold skeleton You see here a +0 robe.
Things that are here:
a +0 short sword {short}; a kobold skeleton
Things that are here:
a +0 club {mace}; 3 stones {throwing} Could not explore, unopened runed door.
Could not explore, unopened runed door.
You open the door.
Crazy Yiuf shouts!
Crazy Yiuf completely misses you.
There is an open translucent door here.
You barely miss Crazy Yiuf. You grab Crazy Yiuf. You constrict Crazy Yiuf.
Crazy Yiuf hits you with a +2 quarterstaff of chaos!
You are poisoned.
HP[-8]
You take 8 damage, and now have 21/29 hp.
MASSIVE DAMAGE!! (PAUSE)
You bludgeon Crazy Yiuf! You tentacle-slap Crazy Yiuf.
You constrict Crazy Yiuf, but do no damage.
You feel very sick.
Crazy Yiuf hits you with a +2 quarterstaff of chaos!
* * * LOW HITPOINT WARNING * * *
You are more poisoned.
HP[-17]
You take 17 damage, and now have 4/29 hp.
MASSIVE DAMAGE!! (PAUSE)
You tentacle-slap Crazy Yiuf. You constrict Crazy Yiuf.
You die...

Skill      XL: |  1  2  3  4 |
---------------+-------------+-----
Stealth        | 2 3 5 |  5.0
Fighting       | 2 |  2.2
Dodging        | |  2.0
Unarmed Combat | |  3.0
Shapeshifting  | |  3.0

Action                     |  1- 3 |  4- 6 || total
---------------------------+-------+-------++-------
  Melee: Unarmed           |    61 |    18 ||    79
         Constrict         |    14 |     3 ||    17
         Tentacles         |    14 |     3 ||    17
         Punch             |     1 |     1 ||     2
   Stab: Sleeping          |     9 |     3 ||    12
 Armour: Skin              |    17 |     5 ||    22
  Dodge: Dodged            |    24 |     8 ||    32

Levels and vault maps discovered:
D:1:      mushboom_english_gardens, layout_basic, serial_shops,
          nicolae_shop_temple_entry_statues_fountains, minmay_strange_pillars
D:2:      minmay_evil_eye, layout_rooms, basic_altar, uniq_crazy_yiuf_cottage

Notes
Turn   | Place    | Note
-------+----------+-------------------------------------------
     0 | D:1      | zeratav the Octopode Shapeshifter began the quest for the
                  | Orb.
     0 | D:1      | Reached XP level 1. HP: 13/13 MP: 1/1
     0 | D:1      | magus.rc [v1.9.6]
    18 | D:1      | Reached skill level 1 in Stealth
    54 | D:1      | Reached skill level 2 in Stealth
    85 | D:1      | Found Tumar's Magic Scroll Shop.
    88 | D:1      | Reached XP level 2. HP: 14/18 MP: 2/2
   436 | D:1      | Reached skill level 3 in Stealth
   734 | D:2      | Found a hide-covered altar of Uskayaw.
   770 | D:2      | HP: 4/18 [endoplasm (3)]
   772 | D:2      | Reached XP level 3. HP: 5/23 MP: 3/3
   892 | D:2      | Reached skill level 4 in Stealth
   995 | D:2      | Found a runed translucent door.
   996 | D:2      | Noticed Crazy Yiuf
  1136 | D:2      | Reached skill level 5 in Stealth
  1136 | D:2      | Reached XP level 4. HP: 27/28 MP: 4/4
  1234 | D:2      | Reached skill level 2 in Fighting
  1558 | D:2      | HP: 4/29 [Crazy Yiuf/+2 quarterstaff of chaos (13)]
  1559 | D:2      | Succumbed to Crazy Yiuf's poison

Vanquished Creatures
  4 adders (D:2)
  3 ribbon worms (D:2)
  2 dart slugs
  7 endoplasms
  2 giant cockroaches
  2 goblins
  3 hobgoblins
  3 quokkas (D:1)
  2 ball pythons
  2 frilled lizards (D:1)
  7 kobolds
  4 rats
41 creatures vanquished.

Table legend:
 A = Non-vault XP
 B = Vault XP
 C = Vault XP percentage of total XP
 D = Non-vault monster count
 E = Vault monster count
 F = Vault count percentage of total count
                 A         B        C        D         E       F
            +---------+---------+-------+---------+---------+-------
      Total |     120 |       8 |   6.2 |      37 |       4 |   9.8
            +---------+---------+-------+---------+---------+-------
        D:1 |      27 |       0 |   0.0 |      15 |       0 |   0.0
        D:2 |      93 |       8 |   7.9 |      22 |       4 |  15.4
            +---------+---------+-------+---------+---------+-------

Skill      XL: |  1  2  3  4 |
---------------+-------------+-----
Stealth        | 2 3 5 |  5.0
Fighting       | 2 |  2.2
Dodging        | |  2.0
Unarmed Combat | |  3.0
Shapeshifting  | |  3.0

Action                     |  1- 3 |  4- 6 || total
---------------------------+-------+-------++-------
  Melee: Unarmed           |    61 |    18 ||    79
         Constrict         |    14 |     3 ||    17
         Tentacles         |    14 |     3 ||    17
         Punch             |     1 |     1 ||     2
   Stab: Sleeping          |     9 |     3 ||    12
 Armour: Skin              |    17 |     5 ||    22
  Dodge: Dodged            |    24 |     8 ||    32

Illustrated notes

Table legend:
 A = Kills in this place as a percentage of kills in the entire game.
 B = Kills by you in this place as a percentage of kills by you in the entire game.
 C = Kills by friends in this place as a percentage of kills by friends in the entire game.
 D = Other kills in this place as a percentage of other kills in the entire game.
 E = Experience gained in this place as a percentage of experience gained in the entire game.
 F = Experience gained in this place divided by the number of levels of this place that you have seen.
                   A       B       C       D       E      F
               +-------+-------+-------+-------+-------+----------------------
         Total | 100.0 | 100.0 |   N/A |   N/A | 100.0 |  64.0
       Dungeon | 100.0 | 100.0 |   N/A |   N/A | 100.0 |  64.0
               +-------+-------+-------+-------+-------+----------------------

Table legend: (Time is in decaauts)
 A = Elapsed time spent in this place.
 B = Non-inter-level travel time spent in this place.
 C = Inter-level travel time spent in this place.
 D = Time resting spent in this place.
 E = Time spent auto-exploring this place.
 F = Levels seen in this place.
 G = Mean time per level.
                   A        B        C        D        E       F      G
               +--------+--------+--------+--------+--------+-----+--------+
         Total |   1555 |   1551 |      4 |     28 |   1240 |   2 |  777.5 |
       Dungeon |   1555 |   1551 |      4 |     28 |   1240 |   2 |  777.5 |
               +--------+--------+--------+--------+--------+-----+--------+

Top non-repeatable levels by time:
     D:2: 791 daAuts
     D:1: 763 daAuts
